cohdb
Replays
Latest Replays
All Replays
Popular Replays
Top Player Replays
Match Explorer
How It Works
Community
CoH3 Stats
Reddit
Sign in to upload your games and track your stats! →
Sign in with Steam
Match 23827591
Unlisted
Match 23827591
Overview
Messages
Build Orders
End
Construct Barracks
Riflemen Squad
M1 Mortar Team
Selects Advanced Infantry Battlegroup
Riflemen Squad
Grenade Package
Selects Convert to Ranger Squad
Riflemen Squad
Infantry Support Center
Selects Frontline Medical Station
M1918 Browning Automatic Rifles
Frontline Medical Station
Construct Motor Pool
M1 Anti-tank Gun Team
Munitions Surplus
Advanced Logistics
Convert to Ranger Squad
M1 Anti-tank Gun Team
Selects Ranger Weapon Training
Construct Tank Depot
Selects Ammunition Storage
Selects M2A1 105mm Howitzer Emplacement
MillenniumMirai
Prince-of-Persia
ShiningRay
Delta0032
UH|BluEskY
UH|dun! ツ
iceman
UH|XTC
0
0
Comments
sign in to comment!
No comments posted yet!